 Dungeon Crawl Stone Soup version 0.26.1-11-gd32895ea62 (webtiles) character file.

Game seed: 894524993076573463

12142 nothank2 the Fencer (level 11, -4/92 HPs)
             Began as a Minotaur Fighter on June 24, 2021.
             Was a High Priest of Okawaru.
             Killed by refrigeration
             ... invoked by Fannar
              (24 damage)
             ... on level 10 of the Dungeon.
             The game lasted 00:26:53 (10668 turns).

nothank2 the Fencer (Minotaur Fighter)             Turns: 10668, Time: 00:26:54

Health: -4/92      AC: 26    Str: 24    XL:     11   Next: 58%
Magic:  10/10      EV:  8    Int:  5    God:    Okawaru [*****.]
Gold:   462        SH: 11    Dex: 10    Spells: 10/10 levels left

rFire    + + .     SeeInvis .   m - +3 scimitar (flame)
rCold    . . .     Faith    .   c - +0 kite shield
rNeg     . . .     Spirit   .   f - +7 chain mail "Dudghat" {rF+}
rPois    +         Reflect  .   y - +0 hat
rElec    .         Harm     .   q - +0 cloak
rCorr    .         Rampage  .   H - +2 pair of gloves
Will     .....                  D - +2 pair of boots
Stlth    ..........             (no amulet)
HPRegen  0.25/turn              z - ring of poison resistance
MPRegen  0.12/turn              I - ring of protection from fire

@: no status effects
A: retaliatory headbutt, horns 2
a: Renounce Religion, Heroism, Finesse


You were on level 10 of the Dungeon.
You worshipped Okawaru.
Okawaru was extremely pleased with you.
You visited 1 branch of the dungeon, and saw 10 of its levels.

You collected 588 gold pieces.
You spent 126 gold pieces at shops.

Inventory:

Hand Weapons
 m - a +3 scimitar of flaming (weapon)
Missiles
 b - 19 poisoned darts (quivered)
Armour
 c - a +0 kite shield (worn)
 f - the +7 chain mail "Dudghat" (worn) {rF+}
   (Okawaru gifted it to you on level 9 of the Dungeon)

   It protects you from fire.
 q - a +0 cloak (worn)
 y - a +0 hat (worn)
 D - a +2 pair of boots (worn)
 H - a +2 pair of gloves (worn)
Jewellery
 n - a cursed ring of attention
 z - a ring of poison resistance (left hand)
 I - a ring of protection from fire (right hand)
Wands
 a - a wand of paralysis (4)
 t - a wand of digging (7)
 w - a wand of flame (17)
 C - a wand of iceblast (22)
 F - a wand of enslavement (10)
 G - a wand of random effects (9)
 J - a wand of polymorph (12)
 K - a wand of disintegration (10)
Scrolls
 e - 5 scrolls of remove curse
 g - 4 scrolls of teleportation
 h - 2 scrolls of enchant armour
 i - a scroll of fear
 k - 2 scrolls of immolation
 o - 6 scrolls of identify
 r - 5 scrolls of magic mapping
 E - 2 scrolls of brand weapon
Potions
 d - 3 potions of might
 j - a potion of heal wounds
 l - 3 potions of curing
 p - 2 potions of lignification
 s - a potion of invisibility {unknown}
 u - a potion of magic
 v - a potion of ambrosia {unknown}
 x - 2 potions of berserk rage
 A - a potion of flight


   Skills:
 + Level 7.6 Fighting
 - Level 16.2 Long Blades
 - Level 1.0 Throwing
 + Level 10.0 Armour
 + Level 1.7 Dodging
 + Level 8.7 Shields


You had 10 spell levels left.
You didn't know any spells.
Your spell library was empty.

Dungeon Overview and Level Annotations

Branches:
Dungeon (10/15)            Temple (0/1) D:6            Lair (0/6) D:9
    Orc (0/2) D:10

Altars:
Dithmenos
Fedhas
Okawaru
Yredelemnul

Shops:
D:5 [   D:9 [

Annotations:
D:10 Fannar


Innate Abilities, Weirdness & Mutations

You reflexively headbutt those who attack you in melee.
You have a pair of horns on your head.


Message History

Things that are here:
a yak corpse; a killer bee corpse You closely miss Fannar.
Fannar is heavily wounded.
You block Fannar's attack.
Press: ? - help, v - describe, . - travel, g - get item
Here: Fannar, wielding a staff of cold and wearing a +1 robe of cold resistance (heavily wounded, covered in an icy film) Item here: a poisoned dart.
The floor.
You feel much better.
Fannar casts a spell.
Fannar drains the heat from the surrounding environment!
You feel very cold.
Fannar is frozen.
Fannar resists.
Fannar hits you but does no damage. Fannar freezes you!
* * * LOW HITPOINT WARNING * * *
There is an escape hatch in the ceiling here.
Fannar casts a spell.
Fannar drains the heat from the surrounding environment!
You feel very cold.
You die...

###.......#####.....
#.......# Y.. #.......#
. #.......#
####.......# ..#
#..........#.>.#
#.......e..#...# .#
#..........#...#..#
#.......@..#...#..##
#..........#...#...# #
#..........##'##...# #
#..................# #
###................# #
#................######
#......................
#.....########.........
######.>...# #.#'#####)


You could see Fannar (icy armour).

Vanquished Creatures
  Harold (D:9)
  Erica (D:9)
  A death knight (D:9)
  3 two-headed ogres
  Sonja (D:10)
  Maurice (D:9)
  Joseph (D:8)
  A gargoyle (D:10)
  A troll (D:9)
  2 slime creatures (D:5)
  3 hornets
  Sigmund (D:5)
  Eustachio (D:5)
  5 yaks (D:10)
  Menkaure (D:5)
  2 water moccasins (D:10)
  Duvessa (D:5)
  An orc warrior (D:8)
  3 ice beasts (D:10)
  A sky beast (D:7)
  A necrophage (D:9)
  9 ogres
  4 phantoms
  3 centaurs
  3 big kobolds
  3 bullfrogs
  Blork the orc (D:4)
  Dowan (D:5)
  2 scorpions (D:8)
  11 killer bees
  3 howler monkeys
  2 orc priests (D:10)
  2 hounds (D:7)
  5 jellies
  4 orc wizards
  A centaur skeleton (D:6)
  4 worker ants
  A howler monkey zombie (D:10)
  A worker ant zombie (D:5)
  4 gnolls
  8 adders
  A river rat (D:5)
  2 shadow imps
  A white imp (D:4)
  An ufetubus (D:5)
  8 oozes
  An adder zombie (D:7)
  3 worms
  The ghost of Zeld the Sneak, a weakling HuDe (D:6)
  3 adder skeletons
  7 leopard geckos
  32 orcs
  2 ball pythons
  7 giant cockroaches
  4 goblins
  11 hobgoblins
  6 jackals
  2 quokkas
  8 bats
  7 frilled lizards
  A jackal skeleton (D:4)
  11 kobolds
  A leopard gecko zombie (D:7)
  A quokka zombie (D:6)
  5 rats
231 creatures vanquished.

Vanquished Creatures (others)
  6 fungi (D:5)
  3 plants (D:8)
  7 toadstools (D:5)
16 creatures vanquished.

Grand Total: 247 creatures vanquished

Notes
Turn   | Place    | Note
-------+----------+-------------------------------------------
     0 | D:1      | nothank2 the Minotaur Fighter began the quest for the Orb.
     0 | D:1      | Reached XP level 1. HP: 19/19 MP: 0/0
   147 | D:1      | Reached skill level 3 in Long Blades
   172 | D:1      | Reached XP level 2. HP: 26/26 MP: 1/1
   412 | D:1      | Reached skill level 4 in Long Blades
   539 | D:1      | You fall into a shaft and drop 1 floor!
   553 | D:2      | Reached XP level 3. HP: 31/31 MP: 2/2
   975 | D:2      | Reached skill level 5 in Long Blades
  1342 | D:2      | Reached XP level 4. HP: 29/39 MP: 3/3
  1875 | D:3      | Found a basalt altar of Yredelemnul.
  1881 | D:3      | Found an iron altar of Okawaru.
  1899 | D:3      | Found a blossoming altar of Fedhas.
  1908 | D:3      | Became a worshipper of Warmaster Okawaru
  2008 | D:3      | Reached skill level 6 in Long Blades
  2220 | D:3      | Found a shadowy altar of Dithmenos.
  2420 | D:4      | Reached XP level 5. HP: 45/45 MP: 4/4
  2545 | D:4      | Reached skill level 7 in Long Blades
  2698 | D:4      | Noticed Blork the orc
  2713 | D:4      | Killed Blork the orc
  2713 | D:4      | Reached * piety under Okawaru
  2714 | D:4      | Reached XP level 6. HP: 45/51 MP: 5/5
  2815 | D:4      | Reached skill level 8 in Long Blades
  3068 | D:5      | Entered Level 5 of the Dungeon
  3068 | D:5      | Noticed Sigmund
  3312 | D:5      | Found Peru's Armour Shoppe.
  3312 | D:5      | Noticed Eustachio
  3312 | D:5      | Noticed Dowan
  3312 | D:5      | Noticed Duvessa
  3370 | D:5      | Reached skill level 9 in Long Blades
  3437 | D:5      | Killed Sigmund
  3438 | D:5      | Reached XP level 7. HP: 6/57 MP: 6/6
  3765 | D:5      | Killed Duvessa
  3766 | D:5      | Reached skill level 10 in Long Blades
  3770 | D:5      | Killed Dowan
  3770 | D:5      | Reached ** piety under Okawaru
  3807 | D:5      | Killed Eustachio
  3848 | D:5      | Reached skill level 11 in Long Blades
  3916 | D:5      | Noticed Menkaure
  3922 | D:5      | Killed Menkaure
  3923 | D:5      | Reached XP level 8. HP: 44/64 MP: 7/7
  4088 | D:5      | Noticed a slime creature
  4096 | D:5      | Killed a slime creature
  4096 | D:5      | Reached *** piety under Okawaru
  4097 | D:5      | Reached skill level 12 in Long Blades
  4168 | D:5      | Noticed a slime creature
  4168 | D:5      | Noticed a slime creature
  4196 | D:5      | Killed a large slime creature
  4197 | D:5      | Reached skill level 13 in Long Blades
  4910 | D:6      | Found a transporter.
  4910 | D:6      | Noticed Zeld's ghost (weakling HuDe)
  4911 | D:6      | Noticed a two-headed ogre
  4927 | D:6      | Found a transporter.
  4932 | D:6      | Found a staircase to the Ecumenical Temple.
  5236 | D:6      | Reached XP level 9. HP: 70/70 MP: 8/8
  5775 | D:7      | Reached skill level 14 in Long Blades
  6173 | D:7      | Reached **** piety under Okawaru
  6488 | D:8      | Reached skill level 15 in Long Blades
  6781 | D:8      | Noticed Joseph
  6790 | D:8      | Killed Joseph
  6896 | D:8      | Noticed a two-headed ogre
  6902 | D:8      | Killed a two-headed ogre
  6903 | D:8      | Reached skill level 16 in Long Blades
  6903 | D:8      | Reached XP level 10. HP: 67/77 MP: 9/9
  7503 | D:9      | Noticed Erica
  7530 | D:9      | Killed Erica
  7530 | D:9      | Reached ***** piety under Okawaru
  7530 | D:9      | Received a gift from Okawaru
  7531 | D:9      | Reached skill level 5 in Armour
  7531 | D:9      | Reached skill level 5 in Shields
  7533 | D:9      | Got a dazzling chain mail {god gift}
  7794 | D:9      | Noticed Harold
  7810 | D:9      | Killed Harold
  7811 | D:9      | Reached skill level 5 in Fighting
  8017 | D:9      | Found Vipifino's Antique Armour Shop.
  8020 | D:9      | Bought a cloak for 126 gold pieces
  8035 | D:9      | Identified the +7 chain mail "Dudghat" {rF+} (Okawaru
                  | gifted it to you on level 9 of the Dungeon)
  8258 | D:9      | Found a staircase to the Lair.
  8551 | D:9      | Noticed Maurice
  8600 | D:9      | Killed Maurice
  8772 | D:9      | Noticed a death knight
  8785 | D:9      | Killed a death knight
  8786 | D:9      | Reached XP level 11. HP: 49/91 MP: 10/10
  9086 | D:10     | Entered Level 10 of the Dungeon
  9086 | D:10     | Noticed a two-headed ogre
  9093 | D:10     | Killed a two-headed ogre
  9680 | D:6      | Killed a two-headed ogre
  9686 | D:6      | Killed Zeld's ghost
  9832 | D:10     | Found a staircase to the Orcish Mines.
  9897 | D:10     | Reached skill level 1 in Dodging
 10218 | D:10     | Reached skill level 1 in Throwing
 10417 | D:10     | Noticed Sonja
 10432 | D:10     | Killed Sonja
 10592 | D:10     | Received a gift from Okawaru
 10641 | D:10     | Reached skill level 10 in Armour
 10643 | D:10     | Noticed Fannar
 10668 | D:10     | Killed from afar by Fannar

Illustrated notes

Levels and vault maps discovered:
D:1:      dpeg_arrival_concentric_ovals, layout_loops_ring
D:2:      layout_basic, minmay_3d_cube
D:3:      layout_basic, nicolae_dithmenos_shadow_blocks,
          gammafunk_temple_overflow_forgotten, hex_tiny,
          nicolae_underground_beach
D:4:      layout_basic, eino_small_chamber_without_monster,
          minmay_misc_feat_alley, uniq_blork_the_orc, uniq_pikel
D:5:      cheibrodos_fertilizer, layout_rooms, serial_shops, nicolae_shop_stone,
          gup_sewer_entry_bubbles, uniq_sigmund, uniq_menkaure, uniq_eustachio,
          uniq_duvessa
D:6:      layout_loops_corners, minmay_temple_entry_grid, gammafunk_ghost_smash
D:7:      layout_loops_ring
D:8:      layout_loops_cross, serial_bayou_crossing, uniq_joseph
D:9:      layout_stronghold, dpeg_oklobed_lair, serial_shops,
          kennysheep_mini_moat, grunt_tough_drop, uniq_harold, uniq_maurice,
          uniq_erica
D:10:     layout_irregular_city, david_orc_2, uniq_sonja, uniq_fannar

Skill      XL: |  1  2  3  4  5  6  7  8  9 10 11 |
---------------+----------------------------------+-----
Long Blades    | 3 4 5 6 7 9 11 13 16 | 16.2
Fighting       | 6 7 |  7.6
Armour         | 7 10 | 10.0
Shields        | 7 8 |  8.7
Dodging        | 1 |  1.7
Throwing       | 1 |  1.0

Action                   |  1- 3 |  4- 6 |  7- 9 | 10-12 || total
-------------------------+-------+-------+-------+-------++-------
Melee: Long sword        |    99 |   162 |   294 |    45 ||   600
       Headbutt          |    10 |    38 |    62 |    41 ||   151
       Scimitar          |       |       |       |   220 ||   220
Throw: Dart              |       |       |       |     9 ||     9
  Use: Scroll            |       |    12 |     5 |     4 ||    21
       Potion            |       |     2 |     4 |     1 ||     7
Armor: Scale mail        |    18 |       |       |       ||    18
       Plate armour      |    42 |    85 |   107 |    24 ||   258
       Chain mail        |       |       |       |    73 ||    73
Dodge: Dodged            |    22 |    26 |    26 |    37 ||   111
Block: Kite shield       |    50 |    77 |   105 |    97 ||   329
       Rpst.: Long sword |     3 |     3 |     1 |       ||     7
       Scimitar          |       |       |       |    11 ||    11
